 Dungeon Crawl Stone Soup version 0.20.0-15-g7f486f2 (webtiles) character file.

151 w00t the Grave Robber (level 5, -4/35 HPs)
             Began as a Barachi Necromancer on June 11, 2017.
             Slain by Natasha (6 damage)
             ... on level 2 of the Dungeon.
             The game lasted 00:04:27 (3365 turns).

w00t the Grave Robber (Barachi Necromancer)         Turns: 3365, Time: 00:04:27

Health: -4/35      AC:  3    Str:  9    XL:     5   Next: 33%
Magic:  6/8        EV: 12    Int: 17    God:
Gold:   114        SH:  0    Dex: 12    Spells: 6/8 levels left

rFire    + . .     SeeInvis .   a - +0 hand axe
rCold    . . .     Gourm    .   (no shield)
rNeg     . . .     Faith    .   d - +0 robe
rPois    .         Spirit   .   (no helmet)
rElec    .         Reflect  .   (no cloak)
rCorr    .         Harm     .   (no gloves)
MR       .....                  o - +0 pair of boots
Stlth    ++........             (no amulet)
Regen    0.2/turn               p - ring of protection from fire {rF+, !d}
MPRegen  0.2/turn               (no ring)

@: slow
A: +LOS, swims, slowness 1, strong legs 1
a: Hop


You were on level 2 of the Dungeon.
You were not hungry.

You visited 1 branch of the dungeon, and saw 2 of its levels.

You collected 114 gold pieces.

Inventory:

Hand Weapons
 a - a +0 hand axe (weapon)
Missiles
 e - 82 stones (quivered)
 m - 8 javelins
Armour
 d - a +0 robe (worn)
 o - a +0 pair of boots (worn)
Jewellery
 p - a ring of protection from fire (left hand) {rF+, !d}
Scrolls
 i - a scroll of fog {unknown}
 j - a scroll of blinking {unknown}
 n - 7 scrolls of identify {unknown}
Potions
 g - a potion of lignification {!q}
 h - a potion of flight
Books
 b - a book of Necromancy

   Spells                             Type                      Level
   a - Pain                           Necromancy                   1
   b - Animate Skeleton               Necromancy                   1
   c - Vampiric Draining              Necromancy                   3
   d - Regeneration                   Charms/Necromancy            3
   e - Animate Dead                   Necromancy                   4
   f - Control Undead                 Necromancy                   4
Comestibles
 c - 2 bread rations
 f - 2 meat rations
 k - 3 fruits


   Skills:
 - Level 2.1 Dodging
 - Level 1.7 Stealth
 - Level 2.1 Spellcasting
 + Level 5.8 Necromancy


You had 6 spell levels left.
You knew the following spells:

 Your Spells              Type           Power        Failure   Level  Hunger
a - Pain                  Necr           ###.         1%          1    #......
s - Animate Skeleton      Necr           N/A          1%          1    #......


Dungeon Overview and Level Annotations

Branches:
Dungeon (2/15)

Altars:

Annotations:
D:2 Natasha


Innate Abilities, Weirdness & Mutations

Shadows flee at your approach. (+LOS)
You can swim through water.
You cover ground slowly.
You can hop short distances.


Message History

Your transformation is almost over.
You start resting.
Natasha, Servant of Life and Death comes into view.
It was a potion of flight.
Your roots keep you in place.
You feel less wooden.
Your +0 pair of boots unmelds from your body.
Your +0 robe unmelds from your body.
Natasha claws you but does no damage.
Casting: Pain
Confirm with . or Enter, or press ? or * to list all spells.
Aiming: Pain
Press: ? - help, Shift-Dir - straight line, f - Natasha
Aim: Natasha (chance to defeat MR: 80%) Natasha writhes in agony!
Natasha closely misses you.
Casting: Pain
Confirm with . or Enter, or press ? or * to list all spells.
Aiming: Pain
Press: ? - help, Shift-Dir - straight line, f/p - Natasha
Aim: Natasha (heavily wounded, chance to defeat MR: 80%) Natasha writhes in agony!
Natasha claws you.
You die...

#.. #################### #.#
#................... #.#
#.####.####.####.### ...
#.#.⌠#.#..'.'..#.#.. #.#
#.#..#.#..#.#..#.#.. ###.#
#.#'##.#'##.#'##.#'# ##.#.#
#................... ##.#..#
#.#h##.#'##.#'##.#'# ##.###.##
#.#@.#.#..#.#..#.#.. #.## ##.#
#.#..'.'..#.#..')'..
##.###..######.####.####.####.###
##.#.<.....##...............)...
##........'#.##################
#.#....##.#.........#
##).#..##.##.....>.##
##.##.##.###.....## #.......#
##...## #.#


You could see Natasha.

Vanquished Creatures
  Jessica (D:2)
  Natasha (twice) (D:2)
  An adder (D:2)
  An ooze (D:2)
  3 worms (D:2)
  A dart slug (D:1)
  3 leopard geckos
  5 bats
  A giant cockroach (D:1)
  5 goblins
  6 hobgoblins
  3 jackals (D:2)
  2 quokkas (D:2)
  A ball python (D:1)
  5 frilled lizards
  4 kobolds
  7 rats
51 creatures vanquished.

Vanquished Creatures (collateral kills)
  A giant cockroach (D:2)
  A hobgoblin (D:1)
2 creatures vanquished.

Grand Total: 53 creatures vanquished

Notes
Turn   | Place    | Note
-------+----------+-------------------------------------------
     0 | D:1      | w00t the Barachi Necromancer began the quest for the Orb.
     0 | D:1      | Reached XP level 1. HP: 13/13 MP: 3/3
   394 | D:1      | Learned a level 1 spell: Animate Skeleton
   399 | D:1      | Reached skill level 4 in Necromancy
   399 | D:1      | Reached XP level 2. HP: 16/19 MP: 3/5
   974 | D:1      | Reached XP level 3. HP: 24/24 MP: 6/6
  2222 | D:2      | Noticed Natasha
  2227 | D:2      | Killed Natasha
  2227 | D:2      | Reached skill level 5 in Necromancy
  2227 | D:2      | Reached XP level 4. HP: 9/30 MP: 4/7
  2562 | D:2      | Noticed Jessica
  2572 | D:2      | Killed Jessica
  2922 | D:2      | Reached XP level 5. HP: 32/35 MP: 8/8
  3009 | D:2      | Noticed Natasha
  3020 | D:2      | Killed Natasha
  3363 | D:2      | Noticed Natasha
  3365 | D:2      | Slain by Natasha

Skill      XL: |  1  2  3 |
---------------+----------+-----
Necromancy     | 4 5 |  5.8
Dodging        | |  2.1
Stealth        | |  1.7
Spellcasting   | |  2.1

Action                   |  1- 3 |  4- 6 || total
-------------------------+-------+-------++-------
Melee: Hand axe          |   100 |    30 ||   130
       Unarmed           |     7 |       ||     7
 Cast: Pain              |    35 |    12 ||    47
       Animate Skeleton  |     2 |     2 ||     4
  Use: Potion            |       |     2 ||     2
 Stab: Sleeping          |       |     2 ||     2
  Eat: Chunk             |     5 |     4 ||     9
Armor: Robe              |    26 |     3 ||    29
Dodge: Dodged            |    91 |    23 ||   114
